 Dungeon Crawl Stone Soup version 0.27-a0-869-g165b36e3f0 (webtiles) character file.

Game seed: 9794982394120294042

2968 spiderkeys the Frost Mage (level 9, -5/70 HPs)
             Began as a Purple Draconian Ice Elementalist on Apr 3, 2021.
             Was an Initiate of Sif Muna.
             Slain by a manticore (15 damage)
             ... on level 6 of the Dungeon.
             The game lasted 00:16:11 (8380 turns).

spiderkeys the Frost Mage (DrIE)                    Turns: 8380, Time: 00:16:12

Health: -5/70      AC: 19    Str: 12    XL:     9   Next: 52%
Magic:  11/19      EV: 12    Int: 18    God:    Sif Muna [......]
Gold:   323        SH:  0    Dex: 11    Spells: 18/22 levels left

rFire    . . .     SeeInvis .   m - +1 dagger (protect)
rCold    . . .     Faith    .   (no shield)
rNeg     . . .     Spirit   .   (armour unavailable)
rPois    .         Reflect  .   (helmet restricted)
rElec    .         Harm     .   y - +0 cloak
rCorr    .         Rampage  .   (no gloves)
Will     ++...                  (no boots)
Stlth    +++.......             (no amulet)
HPRegen  0.21/turn              b - ring of willpower
MPRegen  0.16/turn              h - +4 ring of protection

@: ice-armoured
A: breathe power, AC +7, unfitting armour, cold-blooded
a: Breathe Dispelling Energy, Renounce Religion


You were on level 6 of the Dungeon.
You worshipped Sif Muna.
Sif Muna was noncommittal.
You visited 2 branches of the dungeon, and saw 7 of its levels.
You also visited: Sewer.

You collected 323 gold pieces.

Inventory:

Hand Weapons
 m - a +1 dagger of protection (weapon)
 u - a +0 rapier
Missiles
 p - 2 curare-tipped darts
Armour
 y - a +0 cloak (worn)
Jewellery
 b - a ring of willpower (left hand)
 h - a +4 ring of protection (right hand)
 n - a ring of wizardry
Wands
 s - a wand of flame (25)
Scrolls
 d - 3 scrolls of teleportation {unknown}
 e - a scroll of enchant armour {unknown}
 f - a scroll of magic mapping {unknown}
 j - 3 scrolls of enchant weapon {unknown}
 l - 2 scrolls of vulnerability {unknown}
 q - 2 scrolls of fog {unknown}
 v - a scroll of blinking {unknown}
 w - 3 scrolls of identify {unknown}
 B - a scroll of amnesia {unknown}
Potions
 a - a potion of invisibility {unknown}
 c - a potion of cancellation {unknown}
 g - 3 potions of curing
 i - a potion of heal wounds {unknown}
 k - 3 potions of might {unknown}
 o - a potion of haste
 r - a potion of magic {unknown}
 t - a potion of mutation {unknown}
 x - a potion of lignification {unknown}
 z - 2 potions of resistance {unknown}
 A - a potion of degeneration {unknown}


   Skills:
 - Level 3.4 Fighting
 + Level 5.7 Short Blades
 - Level 3.5 Dodging
 - Level 5.0 Stealth
 + Level 7.2 Spellcasting
 * Level 8.7 Ice Magic


You had 18 spell levels left.
You knew the following spells:

 Your Spells              Type           Power      Damage    Failure   Level
a - Freeze                Ice            100%       1d11      1%          1
b - Ozocubu's Armour      Ice            37%        N/A       1%          3

Your spell library contained the following spells:

 Spells                   Type           Power      Damage    Failure   Level
 Frozen Ramparts          Ice            74%        1d9       1%          3
 Beastly Appendage        Tmut           12%        N/A       11%         1
 Wereblood                Tmut           6%         N/A       16%         2
 Hailstorm                Conj/Ice       22%        3d7       19%         4
 Ice Form                 Ice/Tmut       22%        N/A       19%         4
 Summon Ice Beast         Ice/Summ       22%        N/A       19%         4
 Spider Form              Tmut/Pois      3%         N/A       32%         3
 Hydra Form               Tmut           3%         N/A       96%         5


Dungeon Overview and Level Annotations

Branches:
Dungeon (6/15)             Temple (1/1) D:4           Sewer (visited)

Altars:
Ashenzari
Cheibriados
Dithmenos
Fedhas
Gozag
Hepliaklqana
Kikubaaqudgha
Makhleb
Nemelex Xobeh
Okawaru
Qazlal
Sif Muna
Uskayaw
Vehumet
Wu Jian
Zin


Innate Abilities, Weirdness & Mutations

You can breathe bolts of dispelling energy.
Your rich purple scales are hard. (AC +7)
You cannot fit into any form of body armour.
You are cold-blooded and may be slowed by cold attacks.


Message History

The centaur kicks you but does no damage.
You freeze the centaur!
You kill the centaur!
Sif Muna accepts your kill.
The manticore flicks its tail.
The volley of spikes hits you!!
The barbed spikes become lodged in your body.
You can't see any susceptible monsters within range! (Use Z to cast anyway.)
You can't see any susceptible monsters within range! (Use Z to cast anyway.)
You freeze the manticore!
The manticore is lightly wounded.
The manticore closely misses you. The manticore claws you.
The manticore misses you.
You freeze the manticore.
The manticore is moderately wounded.
The manticore bites you!
The manticore claws you but does no damage. x2
You are too injured to fight recklessly!
You are too injured to fight recklessly!
Casting: Freeze (safe; 1% risk of failure)
Confirm with . or Enter, or press ? or * to list all spells.
A film of ice covers your body!
The manticore bites you but does no damage.
The manticore claws you!
* * * LOW HITPOINT WARNING * * *
The manticore claws you but does no damage.
Casting: Ozocubu's Armour (safe; 1% risk of failure)
Confirm with . or Enter, or press ? or * to list all spells.
Aiming: Freeze (safe; 1% risk of failure)
Press: ? - help, Shift-Dir - straight line, f/p - manticore
Aim: a manticore (moderately wounded)
You freeze the manticore.
The manticore is moderately wounded.
You carefully extract the barbed spikes from your body.
The manticore bites you!
* * * LOW HITPOINT WARNING * * *
The manticore barely misses you.
The manticore claws you but does no damage.
It was a potion of curing.
You feel better. The manticore bites you!
You die...

#####)###
#.[..........#
........#
#......<.....#
........##
############.####
.....)...#
#...#.....
.........#
#.#.######
.[......##### ###
#.#.######
.......##...###.##
#.#.......
.......#).#..#...#
##########
.......#.###...#@#
.......#.#.#####H#
.......#..# #.#
######.#.## ..#
#.#..# #.# #.#.##
..# #.#..# (##
#.#.## # #...#


You could see a manticore.

Vanquished Creatures
  Pikel (D:6)
  Maggie (D:5)
  Eustachio (D:4)
  An orc warrior (D:5)
  2 black bears (D:6)
  A hornet zombie (D:5)
  A centaur (D:6)
  5 ogres
  A lemure (D:6)
  4 kobold brigands (Sewer)
  Blork the orc (D:6)
  A wyvern zombie (D:6)
  A bullfrog (D:6)
  A scorpion (D:4)
  A water moccasin skeleton (D:6)
  A bullfrog skeleton (D:4)
  A hound (D:5)
  2 jellies
  3 orc priests
  An iguana (D:4)
  3 orc wizards
  A hound skeleton (D:4)
  Robin (D:4)
  A howler monkey skeleton (D:6)
  4 river rats
  12 adders
  2 white imps (D:6)
  2 ufetubi
  5 worms
  2 dart slugs
  23 orcs
  9 ball pythons
  15 endoplasms
  2 giant cockroaches
  10 goblins
  7 hobgoblins
  6 jackals
  9 kobolds
  5 quokkas
  4 bats
  2 frilled lizards (D:2)
  5 rats
161 creatures vanquished.

Notes
Turn   | Place    | Note
-------+----------+-------------------------------------------
     0 | D:1      | spiderkeys the Draconian Ice Elementalist began the quest
                  | for the Orb.
     0 | D:1      | Reached XP level 1. HP: 14/14 MP: 3/3
   230 | D:1      | Reached XP level 2. HP: 21/22 MP: 1/5
   294 | D:1      | Found a faded altar of an unknown god.
   662 | D:1      | Reached skill level 1 in Fighting
   915 | D:2      | Noticed an ogre
   923 | D:2      | Killed an ogre
   924 | D:2      | Reached XP level 3. HP: 29/29 MP: 0/6
   924 | D:2      | Reached XP level 4. HP: 36/36 MP: 0/7
  1541 | D:2      | Reached XP level 5. HP: 29/41 MP: 2/9
  2692 | D:3      | Learned a level 3 spell: Ozocubu's Armour
  2715 | D:4      | Found a glowing drain.
  2766 | Sewer    | Entered a sewer
  3109 | Sewer    | Reached XP level 6. HP: 45/50 MP: 5/10
  3339 | Sewer    | Reached skill level 5 in Ice Magic
  3867 | Sewer    | Your scales start taking on a rich purple colour.
  3867 | Sewer    | Reached XP level 7. HP: 51/57 MP: 3/13
  4160 | D:4      | Noticed Robin
  4243 | D:4      | Reached skill level 1 in Short Blades
  4310 | D:4      | Killed Robin
  4559 | D:4      | Noticed Eustachio
  4585 | D:4      | Killed Eustachio
  4983 | D:4      | Reached skill level 5 in Spellcasting
  5003 | D:4      | Reached XP level 8. HP: 63/63 MP: 6/15
  5205 | D:4      | Found a staircase to the Ecumenical Temple.
  5212 | Temple   | Entered the Ecumenical Temple
  5219 | Temple   | Became a worshipper of Sif Muna the Loreminder
  5603 | D:5      | Entered Level 5 of the Dungeon
  5608 | D:5      | Reached skill level 6 in Ice Magic
  5716 | D:5      | Found a broken altar of Ashenzari.
  6493 | D:5      | Reached skill level 5 in Stealth
  6793 | D:6      | Noticed Blork the orc
  6806 | D:6      | Killed Blork the orc
  6847 | D:6      | Noticed Maggie
  6878 | D:5      | Killed Maggie
  6879 | D:5      | Reached skill level 7 in Ice Magic
  7357 | D:6      | Reached XP level 9. HP: 58/70 MP: 14/18
  7630 | D:6      | Noticed Pikel
  7651 | D:6      | Killed Pikel
  7652 | D:6      | Reached skill level 5 in Short Blades
  7652 | D:6      | Reached skill level 8 in Ice Magic
  8361 | D:6      | Noticed a manticore
  8380 | D:6      | Slain by a manticore

Illustrated notes

Levels and vault maps discovered:
D:1:      dpeg_arrival_renting, layout_rooms, ebering_ecumenical_altar_mist
D:2:      layout_basic, minivault_14, kennysheep_cross_bottleneck,
          grunt_ministairs_4, chequers_serial_rivers_micro_b, grunt_decor_cap
D:3:      layout_rooms, kennysheep_minor_cross, palyth_stone_intersect
D:4:      layout_rooms, temple_statues, serial_glass, glass_columns_c,
          glass_columns_a, glass_columns_a, glass_columns_b, glass_columns_a,
          glass_columns_a, glass_columns_b, glass_columns_b, glass_columns_a,
          glass_columns_a, feat_on_display, portal_sewer_entry_b,
          minmay_quadrilaterals, uniq_eustachio, uniq_robin
D:5:      layout_rooms, pf_just_have_faith, guppyfry_early_orc_mine
D:6:      layout_basic, minmay_small_thing, uniq_blork_the_orc, uniq_maggie,
          uniq_pikel
Temple:   nicolae_temple_no_exploring_needed

Skill      XL: |  1  2  3  4  5  6  7  8  9 |
---------------+----------------------------+-----
Stealth        | 2 3 4 5 |  5.0
Dodging        | 2 3 |  3.5
Fighting       | 1 2 3 |  3.4
Spellcasting   | 3 4 5 6 7 |  7.2
Ice Magic      | 5 7 8 |  8.7
Short Blades   | 3 4 5 |  5.7

Action                   |  1- 3 |  4- 6 |  7- 9 || total
-------------------------+-------+-------+-------++-------
Melee: Unarmed           |     9 |       |       ||     9
       Mace              |     1 |     4 |       ||     5
       Dagger            |       |    10 |   101 ||   111
       Tailslap          |       |     1 |    19 ||    20
 Cast: Freeze            |    31 |   139 |   248 ||   418
       Ozocubu's Armour  |       |       |     1 ||     1
 Abil: Breathe Dispellin |       |       |     1 ||     1
Evoke: Wand              |       |       |     7 ||     7
  Use: Potion            |       |       |     1 ||     1
 Stab: Sleeping          |       |     1 |     2 ||     3
Armor: Skin              |     6 |    39 |   126 ||   171
Dodge: Dodged            |    21 |    81 |   233 ||   335

Table legend: (Time is in decaauts)
 A = Elapsed time spent in this place.
 B = Non-inter-level travel time spent in this place.
 C = Inter-level travel time spent in this place.
 D = Time resting spent in this place.
 E = Time spent auto-exploring this place.
 F = Levels seen in this place.
 G = Mean time per level.
                   A        B        C        D        E       F      G
               +--------+--------+--------+--------+--------+-----+--------+
         Total |   8545 |   8454 |     91 |    490 |   6660 |   8 | 1068.1 |
       Dungeon |   7023 |   6938 |     85 |    450 |   5441 |   6 | 1170.5 |
        Temple |     14 |      8 |      6 |      0 |      0 |   1 |   14.0 |
         Sewer |   1507 |   1507 |      0 |     40 |   1219 |   1 | 1507.0 |
               +--------+--------+--------+--------+--------+-----+--------+

Top non-repeatable levels by time:
   Sewer: 1507 daAuts
     D:6: 1484 daAuts
     D:2: 1434 daAuts
     D:4: 1402 daAuts
     D:5: 1275 daAuts
     D:1: 777 daAuts
     D:3: 649 daAuts
  Temple: 14 daAuts
